 Dungeon Crawl Stone Soup version 0.31.0-11-ge490571c62 (webtiles) character file.

Game seed: 18065529286170467767

364 Curundu the Conjurer (level 6, -1/32 HPs)
             Began as a Deep Elf Conjurer on Jan 30, 2024.
             Succumbed to a killer bee's poison
             ... on level 4 of the Dungeon.
             The game lasted 00:18:18 (3243 turns).

Curundu the Conjurer (Deep Elf Conjurer)            Turns: 3243, Time: 00:18:19

Health: -1/32      AC:  4    Str:  4    XL:     6   Next: 39%
Magic:  10/16      EV: 12    Int: 25    God:
Gold:   117        SH:  0    Dex: 13    Spells: 13/16 levels left

rFire   . . .        (no weapon)
rCold   . . .        (no shield)
rNeg    . . .        a - +0 robe
rPois   .            (no helmet)
rElec   .            h - +1 cloak
rCorr   .            (no gloves)
SInv    .            (no boots)
Will    .....        (no amulet)
Stlth   +++          (no ring)
HPRegen 0.25/turn    (no ring)
MPRegen 0.15/turn

%: no passive effects
@: lethally poisoned (-1 -> -7)
A: no striking features
a: no special abilities


You were on level 4 of the Dungeon.
You visited 1 branch of the dungeon, and saw 4 of its levels.

You collected 117 gold pieces.

Inventory:

Armour
 a - a +0 robe (worn)
 h - a +1 cloak (worn)
 k - a scarf of invisibility
Jewellery
 j - a ring of protection from cold
Wands
 d - a wand of polymorph (11)
 g - a wand of charming (8)
Scrolls
 c - a scroll of identify
 e - a scroll of torment
 f - a scroll of enchant armour
 i - a scroll of teleportation
Potions
 b - 2 potions of magic
 l - a potion of haste {unknown}
 m - 2 potions of lignification


   Skills:
 + Level 0.2 Fighting
 + Level 2.6 Dodging
 + Level 4.2 Stealth
 + Level 5.9 Spellcasting
 + Level 6.5 Conjurations


You had 13 spell levels left.
You knew the following spells:

 Your Spells              Type           Power      Damage    Failure   Level
a - Magic Dart            Conj           100%       1d8       1%          1
b - Static Discharge      Conj/Air       46%        3-5/arc   3%          2

Your spell library contained the following spells:

 Spells                   Type           Power      Damage    Failure   Level
 Searing Ray              Conj           80%        2d7       1%          2
 Ensorcelled Hibernation  Hex/Ice        14%        N/A       12%         2
 Fulminant Prism          Conj/Alch      11%        3d9       19%         4
 Iskenderun's Mystic Bla  Conj/Tloc      23%        2d6       19%         4
 Passwall                 Erth           7%         N/A       22%         3
 Swiftness                Air            7%         N/A       22%         3
 Airstrike                Air            3%         2d(1-17)  58%         4
 Summon Lightning Spire   Summ/Air       7%         N/A       58%         4


Dungeon Overview and Level Annotations

Branches:
Dungeon (4/15)             Temple (0/1) D:4

Altars:

Shops:
D:1 =   D:2 *


Message History

Confirm with . or Enter, or press ? or * to list all spells.
Aiming: Magic Dart (safe; 1% risk of failure)
Press: ? - help, Shift-Dir - straight line, f/p - killer bee
Aim: a killer bee (moderately wounded, 100% to hit)
The magic dart hits the killer bee.
The killer bee is heavily wounded.
Casting: Magic Dart (safe; 1% risk of failure)
Confirm with . or Enter, or press ? or * to list all spells.
The killer bee is struck by an arc of lightning.
The killer bee is almost dead.
You are struck by an arc of lightning.
The killer bee is struck by an arc of lightning.
You kill the killer bee!
The killer bee is struck by an arc of lightning!
The killer bee is heavily wounded.
The lightning grounds out.
The killer bee barely misses you.
An endoplasm comes into view.
Casting: Static Discharge (safe; 3% risk of failure)
Confirm with . or Enter, or press ? or * to list all spells.
The killer bee is struck by an arc of lightning.
The killer bee is moderately wounded.
The killer bee is struck by an arc of lightning.
The killer bee is severely wounded.
You are struck by an arc of lightning.
The killer bee is struck by an arc of lightning.
The killer bee is moderately wounded.
The lightning grounds out.
The killer bee stings you! x2
The killer bee stings you.
You are poisoned.
The killer bee poisons you!
You feel very sick. The killer bee stings you!
* * * LOW HITPOINT WARNING * * *
* * * LOW HITPOINT WARNING * * *
You feel sick.
The killer bee attacks as it pursues you!
The killer bee stings you.
* * * LOW HITPOINT WARNING * * *
The killer bee closely misses you. The killer bee completely misses you.
You die...

.# ##.#####.##.#...#.#...). .####
#..J......#.##.##.###).. ....#
#...$#..#.........# ##.. ....#
#.......#......######### ....##
#.....#.#.#....####.....
....รท#####....yy###.......##.....
.............#yy.#...#...........
#.............#.....#....#.......
..#........#####@>.#####..#......
#.#..#####....#.....#..).##......
.<#..# #...#...#...#...........
.....# ###......###....#.########
###.## #.......#.#)#..##.# #.....
###.# #.#.......#...###.# #.####
....####.##.#.#..#...###.###.####
.....#..............#......#.##..
.....#.#.##........###.#.#.#.##.#


You could see 4 killer bees and an endoplasm.

Vanquished Creatures
  A killer bee (D:4)
  A hound (D:4)
  2 orc priests (D:3)
  A jelly (D:4)
  An iguana (D:2)
  An orc wizard (D:3)
  4 gnolls (D:2)
  3 adders
  2 ribbon worms (D:2)
  7 orcs
  8 ball pythons
  5 endoplasms
  A giant cockroach (D:2)
  6 hobgoblins
  6 jackals
  3 quokkas
  3 bats
  5 frilled lizards
  9 kobolds
  6 rats
75 creatures vanquished.

Notes
Turn   | Place    | Note
-------+----------+-------------------------------------------
     0 | D:1      | Curundu the Deep Elf Conjurer began the quest for the Orb.
     0 | D:1      | Reached XP level 1. HP: 10/10 MP: 6/6
   238 | D:1      | Reached XP level 2. HP: 15/15 MP: 2/8
   553 | D:1      | Found Xiodirusk's Jewellery Boutique.
   802 | D:2      | Reached skill level 5 in Conjurations
   896 | D:2      | Reached XP level 3. HP: 16/19 MP: 2/9
  1269 | D:2      | Reached XP level 4. HP: 24/24 MP: 7/11
  1548 | D:2      | Identified the +0 robe of Negation {rN+ Will- Slay+2}
  1607 | D:2      | Found Gaiqyps's Assorted Antiques.
  1935 | D:3      | Reached XP level 5. HP: 19/28 MP: 8/13
  2048 | D:3      | HP: 1/28 [orc wizard/magic dart (8)]
  2165 | D:3      | Reached skill level 6 in Conjurations
  2578 | D:3      | Learned a level 2 spell: Static Discharge
  2848 | D:4      | Reached skill level 5 in Spellcasting
  2858 | D:4      | Reached XP level 6. HP: 32/32 MP: 3/15
  3166 | D:4      | Found a staircase to the Ecumenical Temple.
  3242 | D:4      | HP: 1/32 [killer bee (1)]
  3243 | D:4      | Succumbed to a killer bee's poison

Illustrated notes

Levels and vault maps discovered:
D:1:      nicolae_arrival_escape_room, layout_rooms, serial_shops, shop
D:2:      layout_basic, serial_shops, shop
D:3:      layout_rooms, minmay_misc_feat_iff
D:4:      layout_loops_cross, minmay_temple_entry_arrows

Skill      XL: |  1  2  3  4  5 |
---------------+----------------+-----
Conjurations   | 5 6 |  6.5
Stealth        | 4 |  4.2
Spellcasting   | 4 5 |  5.9
Fighting       | |  0.2
Dodging        | |  2.6

Action                     |  1- 3 |  4- 6 || total
---------------------------+-------+-------++-------
  Melee: Unarmed           |     8 |       ||     8
         Punch             |     1 |       ||     1
   Cast: Magic Dart        |    65 |    98 ||   163
         Static Discharge  |       |     2 ||     2
    Use: Scroll            |       |     8 ||     8
 Armour: Robe              |    10 |    23 ||    33
  Dodge: Dodged            |     8 |    14 ||    22
